 Dungeon Crawl Stone Soup version 0.31-a0-263-ge8cad7f256 (webtiles) character file.

Game seed: 5761791369373338282

85 qw the Shooter (level 4, -2/26 HPs)
             Began as a Gargoyle Hexslinger on July 13, 2023.
             Slain by a gnoll
             ... wielding a +0 whip
              (7 damage)
             ... on level 2 of the Dungeon.
             The game lasted 00:00:46 (1276 turns).

qw the Shooter (Gargoyle Hexslinger)                Turns: 1276, Time: 00:00:47

Health: -2/26      AC:  7    Str: 12    XL:     4   Next: 48%
Magic:  5/5        EV: 11    Int: 13    God:
Gold:   74         SH:  0    Dex: 14    Spells: 4/5 levels left

rFire   . . .        Y - +1 sling
rCold   + . .        (no shield)
rNeg    + . .        d - +0 leather armour {rC+}
rPois   inf          l - +0 helmet
rElec   +            (no cloak)
rCorr   .            (no gloves)
SInv    .            (no boots)
Will    +....        (no amulet)
Stlth   +            (no ring)
HPRegen 0.24/turn    (no ring)
MPRegen 0.09/turn

%: no passive effects
@: enlightened, flying (expiring)
A: sickness immunity, AC +3, negative energy resistance 1, electricity
resistance, torment resistance 1, petrification resistance
a: no special abilities


You were on level 2 of the Dungeon.
You visited 1 branch of the dungeon, and saw 3 of its levels.

You collected 74 gold pieces.


Innate Abilities, Weirdness & Mutations

You are immune to sickness and miasma.
Your stone body is resilient. (AC +3)
You are immune to poison.
You resist negative energy. (rN+)
You are resistant to electric shocks. (rElec)
You are resistant to unholy torment.
You are immune to petrification.


   Skills:
 - Level 2.0 Fighting
 + Level 4.3 Ranged Weapons
 - Level 1.5 Dodging
 - Level 1.0 Spellcasting
 - Level 2.6 Hexes


You had 4 spell levels left.
You knew the following spells:

 Your Spells              Type           Power      Damage    Failure   Level
a - Slow                  Hex            28%        N/A       12%         1

Your spell library contained the following spells:

 Spells                   Type           Power      Damage    Failure   Level
 Inner Flame              Hex/Fire       4%         N/A       52%         3
 Portal Projectile        Hex/Tloc       8%         N/A       52%         3
 Cause Fear               Hex            3%         N/A       75%         4

Inventory:

Hand Weapons
 Y - a +1 sling (weapon)
Armour
 d - a +0 leather armour of cold resistance (worn)
 i - a +0 ring mail
 l - a +0 helmet (worn)
Potions
 a - a potion of resistance {unknown}
 b - 2 potions of enlightenment
 f - 2 potions of curing
 h - a potion of invisibility {unknown}
 k - a potion of attraction {unknown}

Dungeon Overview and Level Annotations

Branches:
Dungeon (3/15)

Altars:

Annotations:
D:3 Sigmund


Message History

The gnoll hits you with a +0 whip. x2
You struggle against the net.
Sigmund hits you but does no damage. The gnoll hits you but does no damage.
The gnoll hits you with a +0 whip. x2
1268 ||| DRINKING potion of heal wounds.
You feel much better. The gnoll hits you but does no damage.
The gnoll barely misses you.
You shred the net and break free! Sigmund closely misses you.
The gnoll hits you with a +0 whip. The gnoll hits you with a +0 club.
The gnoll hits you but does no damage. The gnoll barely misses you.
1270 ||| STAIRDANCE Sigmund hits you but does no damage.
The gnoll hits you with a +0 club. The gnoll barely misses you.
The gnoll hits you but does no damage. The gnoll closely misses you.
You fly upwards.
There is a stone staircase leading down here.
You shoot a sling bullet.
The sling bullet barely misses the gnoll.
The gnoll hits you with a +0 whip. The gnoll hits you but does no damage.
The gnoll hits you with a +0 whip.
You shoot a sling bullet.
The sling bullet completely misses the gnoll.
The gnoll hits you with a +0 whip. The gnoll hits you with a +0 club.
The gnoll completely misses you.
You shoot a sling bullet. The sling bullet hits the gnoll.
The gnoll is heavily wounded.
The gnoll completely misses you. The gnoll hits you but does no damage.
The gnoll closely misses you. The gnoll hits you with a +0 whip.
The gnoll closely misses you. The gnoll hits you with a +0 whip.
You shoot a sling bullet. The sling bullet hits the gnoll.
The gnoll is almost dead.
The gnoll hits you with a +0 whip. The gnoll barely misses you. x2
You shoot a sling bullet.
The sling bullet hits the gnoll but does no damage.
The gnoll is almost dead.
You are starting to lose your buoyancy.
The gnoll hits you but does no damage. The gnoll barely misses you.
The gnoll hits you with a +0 whip!
You die...

####### #######.....#####
##.....+.....#...##############
#......#.........##.....#.....#
###.......................#.....#
................g.........#.....#
................@g...............
...............g.................
#................................
#.............................%..
#................................
#................................
#..?.##...#####..................
#...........#<...........###..%..
###..##.....###..........##......


You could see 3 gnolls.

Vanquished Creatures
  3 adders (D:2)
  2 dart slugs (D:2)
  7 bats
  6 endoplasms
  5 giant cockroaches
  3 goblins
  2 hobgoblins (D:1)
  3 jackals (D:1)
  3 quokkas
  3 ball pythons
  6 frilled lizards
  6 kobolds
  3 rats (D:2)
52 creatures vanquished.

Notes
Turn   | Place    | Note
-------+----------+-------------------------------------------
     0 | D:1      | qw the Gargoyle Hexslinger began the quest for the Orb.
     0 | D:1      | Reached XP level 1. HP: 12/12 MP: 2/2
     0 | D:1      | 0 ||| qw: Version: 0.3-a-52-g30416fa
     0 | D:1      | 0 ||| qw: Game counter: 7364
     0 | D:1      | 0 ||| qw: Melee chars always use a shield: true
     0 | D:1      | 0 ||| qw: God list: Okawaru
     0 | D:1      | 0 ||| qw: Allow faded altars: false
     0 | D:1      | 0 ||| qw: Do Orc after clearing Dungeon:15 true
     0 | D:1      | 0 ||| qw: Do second Lair branch before Depths: true
     0 | D:1      | 0 ||| qw: Lair rune preference: random
     0 | D:1      | 0 ||| qw: Goals: Normal
     0 | D:1      | 0 ||| PLANNING D:1-11
    30 | D:1      | 30 ||| FLEEEEING.
    80 | D:1      | Reached XP level 2. HP: 15/16 MP: 3/3
   115 | D:1      | Reached skill level 3 in Ranged Weapons
   218 | D:1      | HP: 4/17 [kobold/+0 dagger (3)]
   350 | D:1      | Reached XP level 3. HP: 21/21 MP: 4/4
   463 | D:1      | 463 ||| UPGRADING to +0 leather armour of cold resistance.
   473 | D:1      | 473 ||| DROPPING +0 robe.
   474 | D:1      | 474 ||| UPGRADING to +0 helmet.
   479 | D:1      | 479 ||| READING scroll labelled RUTIMUM WENWAN.
   480 | D:1      | 480 ||| READING scroll labelled MUOREA JAEMN.
   483 | D:1      | 483 ||| READING scroll labelled TUNIUT HAZOA.
   484 | D:1      | 484 ||| DROPPING scroll of poison.
   567 | D:2      | 567 ||| FLEEEEING.
   569 | D:2      | 569 ||| FLEEEEING.
   570 | D:2      | 570 ||| FLEEEEING.
   736 | D:2      | Reached XP level 4. HP: 26/26 MP: 5/5
   749 | D:2      | Reached skill level 4 in Ranged Weapons
  1177 | D:2      | Found a faded altar of an unknown god.
  1244 | D:2      | 1244 ||| DRINKING 3 amethyst potions.
  1245 | D:2      | 1245 ||| DRINKING 2 purple potions.
  1246 | D:2      | 1246 ||| DRINKING 3 cyan potions.
  1263 | D:3      | Noticed Sigmund
  1267 | D:3      | HP: 3/26 [gnoll/+0 whip (6)]
  1268 | D:3      | 1268 ||| DRINKING potion of heal wounds.
  1270 | D:3      | 1270 ||| STAIRDANCE
  1274 | D:2      | HP: 6/26 [gnoll/+0 whip (3)]
  1276 | D:2      | Slain by a gnoll

Levels and vault maps discovered:
D:1:      wander_arrival_chamber, layout_rooms
D:2:      layout_basic, hellmonk_ecumenical_altar_blasted,
          kennysheep_generic_room_5
D:3:      layout_rooms, mainiacjoe_overflow_catch_the_wave, uniq_sigmund,
          uniq_jessica

Skill      XL: |  1  2  3  4 |
---------------+-------------+-----
Ranged Weapons | 3 4 |  4.3
Fighting       | 2 |  2.0
Dodging        | |  1.5
Spellcasting   | |  1.0
Hexes          | |  2.6

Action                     |  1- 3 |  4- 6 || total
---------------------------+-------+-------++-------
   Fire: Sling             |   144 |    51 ||   195
    Use: Scroll            |     3 |       ||     3
         Potion            |       |     4 ||     4
 Armour: Robe              |    40 |       ||    40
         Leather armour    |     6 |    33 ||    39
  Dodge: Dodged            |    60 |    38 ||    98

Table legend:
 A = Non-vault XP
 B = Vault XP
 C = Vault XP percentage of total XP
 D = Non-vault monster count
 E = Vault monster count
 F = Vault count percentage of total count
                 A         B        C        D         E       F
            +---------+---------+-------+---------+---------+-------
      Total |     109 |      13 |  10.7 |      51 |       1 |   1.9
            +---------+---------+-------+---------+---------+-------
        D:1 |      39 |       0 |   0.0 |      23 |       0 |   0.0
        D:2 |      70 |      13 |  15.7 |      28 |       1 |   3.4
            +---------+---------+-------+---------+---------+-------
